 Dungeon Crawl Stone Soup version 0.30-a0-4-ga7cffc901d (webtiles) character file.

Game seed: 11830575003239374324

61 drugrobin the Sneak (level 3, 0/30 HPs)
             Began as a Demigod Delver on Aug 21, 2022.
             Slain by a hound (2 damage)
             ... on level 5 of the Dungeon.
             The game lasted 00:00:54 (400 turns).

drugrobin the Sneak (Demigod Delver)                 Turns: 400, Time: 00:00:55

Health: 0/30       AC:  3    Str: 13    XL:     3   Next: 58%
Magic:  5/5        EV: 12    Int: 12    God:
Gold:   19         SH:  0    Dex: 19    Spells: 2/2 levels left

rFire   . . .      SeeInvis .    a - +0 short sword
rCold   . . .      Faith    .    (no shield)
rNeg    . . .      Spirit   .    b - +0 leather armour
rPois   .          Reflect  .    (no helmet)
rElec   .          Harm     .    (no cloak)
rCorr   .          Rampage  .    (no gloves)
Will    .....                    (no boots)
Stlth   +++.......               (no amulet)
HPRegen 0.10/turn                (no ring)
MPRegen 0.09/turn                (no ring)

@: no status effects
A: high MP 1, forlorn, divine attributes
a: no special abilities


You were on level 5 of the Dungeon.
You visited 1 branch of the dungeon, and saw 1 of its levels.

You collected 19 gold pieces.

Inventory:

Hand Weapons
 a - a +0 short sword (weapon)
Armour
 b - a +0 leather armour (worn)
Wands
 g - a wand of digging (3)
Scrolls
 c - a scroll of fog
 d - a scroll of magic mapping
 e - a scroll of fear
Potions
 f - a potion of haste


   Skills:
 - Level 2.6 Fighting
 + Level 3.8 Short Blades
 - Level 1.7 Dodging
 - Level 4.5 Stealth


You had 2 spell levels left.
You didn't know any spells.
Your spell library was empty.

Dungeon Overview and Level Annotations

Branches:
Dungeon (5/15)             Temple (0/1) D:5


Innate Abilities, Weirdness & Mutations

You have an increased reservoir of magic. (+10% MP)
You shall have no god before yourself.
Your divine heritage dramatically boosts your attributes as you level up.


Message History

You hit the hound but do no damage.
The hound is heavily wounded.
The hound bites you but does no damage.
You barely miss the hound.
The hound is heavily wounded.
The hound closely misses you.
You hit the hound but do no damage.
The hound is heavily wounded.
The hound misses you. The hound bites you.
You hit the hound.
The hound is severely wounded.
The hound bites you.
You barely miss the hound.
The hound is severely wounded.
The hound closely misses you.
You hit the hound.
The hound is severely wounded.
The hound bites you.
* * * LOW HITPOINT WARNING * * *
The hound bites you.
* * * LOW HITPOINT WARNING * * *
You are too injured to fight recklessly!
You hit the hound.
The hound is severely wounded.
The hound misses you.
You miss the hound.
The hound is severely wounded.
The hound misses you.
You hit the hound but do no damage.
The hound is severely wounded.
The hound closely misses you. x2
You miss the hound.
The hound is severely wounded.
The hound closely misses you.
You barely miss the hound.
The hound is severely wounded.
The hound bites you.
* * * LOW HITPOINT WARNING * * *
The hound bites you.
You die...

.... #.....#.##.
.#.# #..
#........#. .....#
#..###.###.#.>#.
#.....#
#......###.#..#.
.......##
###.##..........
.:......#
#.########...#
>..(....# ###.###
. ..
.$....#.###....รท#
. #......h@......#
#.#.##..#......#
#..#......#
....#......#
..##.#.###### _...
....# .## #####


You could see a hound.

Vanquished Creatures
  2 hounds (D:5)
2 creatures vanquished.

Notes
Turn   | Place    | Note
-------+----------+-------------------------------------------
     0 | D:5      | drugrobin the Demigod Delver began the quest for the Orb.
     0 | D:5      | Reached XP level 1. HP: 18/18 MP: 3/3
    44 | D:5      | Noticed a hound
    58 | D:5      | Noticed a hound
    60 | D:5      | Killed a hound
    61 | D:5      | Reached XP level 2. HP: 10/25 MP: 4/4
    84 | D:5      | Reached XP level 3. HP: 2/30 MP: 5/5
   372 | D:5      | Found a staircase to the Ecumenical Temple.
   400 | D:5      | Slain by a hound

Illustrated notes

Levels and vault maps discovered:
D:5:      layout_loops_cross, lemuel_crystal_altar,
          minmay_temple_entry_offerings, bh_walls_and_bars, uniq_blork_the_orc

Skill      XL: |  1 |
---------------+----+-----
Short Blades   | 3 |  3.8
Fighting       | |  2.6
Dodging        | |  1.7
Stealth        | |  4.5

Action                   || total
-------------------------++-------
Melee: Short sword       ||    45
Throw: Dart              ||     8
  Use: Potion            ||     3
 Stab: Sleeping          ||     1
Armor: Leather armour    ||    11
Dodge: Dodged            ||    39

Table legend: (Time is in decaauts)
 A = Elapsed time spent in this place.
 B = Non-inter-level travel time spent in this place.
 C = Inter-level travel time spent in this place.
 D = Time resting spent in this place.
 E = Time spent auto-exploring this place.
 F = Levels seen in this place.
 G = Mean time per level.
                   A        B        C        D        E       F      G
               +--------+--------+--------+--------+--------+-----+--------+
         Total |    397 |    397 |      0 |    272 |     44 |   1 |  397.0 |
       Dungeon |    397 |    397 |      0 |    272 |     44 |   1 |  397.0 |
               +--------+--------+--------+--------+--------+-----+--------+

Top non-repeatable levels by time:
     D:5: 397 daAuts
